 Dungeon Crawl Stone Soup version 0.19.5 (webtiles) character file.

31 miragecloak the Changer (level 3, -10/31 HPs)
             Began as a Naga Transmuter on May 11, 2017.
             Mangled by a gnoll
             ... wielding a +0 halberd of venom
              (12 damage)
             ... on level 2 of the Dungeon.
             The game lasted 00:01:07 (1350 turns).

miragecloak the Changer (Naga Transmuter)           Turns: 1350, Time: 00:01:08

Health: -10/31     AC:  3    Str: 12    XL:     3   Next: 22%
Magic:  6/6        EV: 10    Int: 13    God:
Gold:   96         SH:  0    Dex: 12    Spells: 2 memorised, 2 levels left

rFire  . . .     SeeInvis +       - Unarmed
rCold  . . .     Gourm    .     b - +0 robe
rNeg   . . .     Faith    .     (no shield)
rPois  +         Spirit   .     (no helmet)
rElec  .         Reflect  .     (no cloak)
rCorr  .         Harm     .     l - +0 pair of gloves
MR     .....                    (no barding)
Stlth  +.........               (no amulet)
                                (no ring)
                                (no ring)

@: short of breath, appendage, very slow
A: horns 2, see invisible, deformed body, poison resistance, slowness 2, slow
metabolism 1, spit poison 1, AC +1
a: Spit Poison, End Transformation


You were on level 2 of the Dungeon.
You were not hungry.
You had grown temporary horns.
You visited 1 branch of the dungeon, and saw 2 of its levels.

You collected 96 gold pieces.

Inventory:

Missiles
 a - 27 arrows
Armour
 b - a +0 robe (worn)
 l - a +0 pair of gloves (worn)
Scrolls
 e - 2 scrolls of blinking {unknown}
 g - a scroll of enchant weapon {unknown}
 h - 2 scrolls of identify {unknown}
 i - a scroll of immolation {unknown}
 k - a scroll of amnesia {unknown}
 m - a scroll of remove curse {unknown}
 n - a scroll of teleportation {unknown}
 r - a scroll of noise {unknown}
Potions
 f - a potion of haste {unknown}
 j - a potion of brilliance {unknown}
 o - a potion of curing {unknown}
 p - a potion of heal wounds {unknown}
Books
 c - a book of Changes

   Spells                             Type                      Level
   a - Beastly Appendage              Transmutation                1
   b - Sticks to Snakes               Transmutation                2
   c - Spider Form                    Transmutation/Poison         3
   d - Ice Form                       Ice/Transmutation            4
   e - Blade Hands                    Transmutation                5
Comestibles
 d - 2 bread rations


   Skills:
 - Level 1.0 Fighting
 - Level 1.5 Dodging
 - Level 3.0 Unarmed Combat
 - Level 2.0 Spellcasting
 + Level 3.5 Transmutations
 + Level 0.3 Poison Magic


You had 2 spell levels left.
You knew the following spells:

 Your Spells              Type           Power        Failure   Level  Hunger
a - Beastly Appendage     Tmut           ##....       8%          1    ##.....
b - Spider Form           Tmut/Pois      #.........   38%         3    ####...


Dungeon Overview and Level Annotations

Branches:
Dungeon (2/15)

Altars:


Innate Abilities, Weirdness & Mutations

You cannot wear boots.
Your serpentine skin is tough. (AC +1)
You have supernaturally acute eyesight. (SInv)
Armour fits poorly on your strangely shaped body.
Your system is resistant to poisons. (rPois)
You cover ground very slowly.
You have a slow metabolism.
You can spit poison.
You have a pair of horns on your head.


Message History

You hit the gnoll but do no damage.
The gnoll is moderately wounded.
The gnoll closely misses you.
You closely miss the gnoll.
The gnoll is moderately wounded.
The gnoll closely misses you.
You hit the gnoll but do no damage.
The gnoll is moderately wounded.
The gnoll hits you with a halberd.
* * * LOW HITPOINT WARNING * * *
The gnoll hits you.
* * * LOW HITPOINT WARNING * * *
You are too injured to fight recklessly!
Press: ? - help, Shift-Dir - straight line, f - gnoll
Aim: a gnoll, wielding a halberd (moderately wounded)
The splash of poison hits the gnoll.
The gnoll is severely wounded.
You feel slightly more hungry. The gnoll hits you but does no damage.
The gnoll hits you from afar with a halberd of venom!
You die...

.........##...........#
#######..##.###########
.........##.#
.........##.#################
######..###.................#
#####...##.###############.#
+...........####### #.....#
#####.#.##...g.g..####.#####
#....<...gg@..'....#
####†#.#......######
............+ #.##.#.#......#
# #.#.#......# #...#......#
##..#$.....# ..#......#


You could see 4 gnolls.

Vanquished Creatures
  An ooze (D:2)
  A dart slug (D:1)
  2 leopard geckos (D:1)
  A giant cockroach (D:1)
  3 goblins (D:1)
  3 hobgoblins (D:1)
  5 bats (D:1)
  3 frilled lizards (D:1)
  2 kobolds (D:1)
  3 rats
24 creatures vanquished.

Notes
Turn   | Place    | Note
-------+----------+-------------------------------------------
     0 | D:1      | miragecloak the Naga Transmuter began the quest for the Orb.
     0 | D:1      | Reached XP level 1. HP: 18/18 MP: 3/3
   201 | D:1      | Reached XP level 2. HP: 12/25 MP: 3/5
  1148 | D:1      | Reached XP level 3. HP: 18/31 MP: 6/6
  1156 | D:1      | Learned a level 3 spell: Spider Form
  1350 | D:2      | Mangled by a gnoll

Skill      XL: |  1  2 |
---------------+-------+-----
Transmutations | 3 |  3.5
Fighting       | |  1.0
Dodging        | |  1.5
Unarmed Combat | |  3.0
Spellcasting   | |  2.0
Poison Magic   | |  0.3

Action                   || total
-------------------------++-------
Melee: Unarmed           ||   111
       Headbutt          ||     9
 Cast: Beastly Appendage ||    24
 Abil: Spit Poison       ||     1
  Eat: Chunk             ||     1
Armor: Robe              ||    35
Dodge: Dodged            ||    69
